 Dungeon Crawl Stone Soup version 0.26-a0-812-g31a745ddcd (webtiles) character file.

Game seed: 12107524227724095527

2002 loralnil the Insei (level 9, -4/45 HPs)
             Began as a Vine Stalker Transmuter on Nov 20, 2020.
             Was a Believer of Cheibriados.
             Slain by a gnoll
             ... wielding a +0 spear
              (9 damage)
             ... on level 6 of the Dungeon.
             The game lasted 00:11:19 (5360 turns).

loralnil the Insei (Vine Stalker Transmuter)        Turns: 5360, Time: 00:11:20

Health: -4/45      AC:  2    Str: 24    XL:     9   Next: 22%
Magic:  0/17       EV: 24    Int: 20    God:    Cheibriados [**....]
Gold:   407        SH:  0    Dex: 26    Spells: 7/17 levels left

rFire    x . .     SeeInvis .     - Unarmed
rCold    + . .     Faith    .   (shield currently unavailable)
rNeg     . . .     Spirit   +   (armour currently unavailable)
rPois    x         Reflect  .   (helmet currently unavailable)
rElec    .         Harm     .   (cloak currently unavailable)
rCorr    .         Rampage  .   (gloves currently unavailable)
MR       +....                  (boots currently unavailable)
Stlth    ++........             (no amulet)
HPRegen  0.55/turn              i - +6 ring of strength
MPRegen  0.15/turn              s - ring of ice

@: spider-form, very slow
A: tiny, regeneration 1, magic shield, no potion heal 3, rot immunity
a: End Transformation, Bend Time, Renounce Religion


You were on level 6 of the Dungeon.
You worshipped Cheibriados.
Cheibriados was pleased with you.
You were a venomous arachnid creature.
You visited 1 branch of the dungeon, and saw 6 of its levels.
You also visited: Ossuary.

You collected 459 gold pieces.
You spent 52 gold pieces at shops.

Inventory:

Armour
 a - a +0 robe (melded)
 b - a +0 helmet (melded)
 e - a +0 pair of boots (melded)
 g - a +0 buckler (melded)
 r - a +2 scale mail of fire resistance
Jewellery
 d - an uncursed ring of fire
 i - a +6 ring of strength (left front leg)
 s - a ring of ice (right front leg)
Wands
 n - a wand of polymorph (11)
Scrolls
 c - a scroll of amnesia
 h - 2 scrolls of random uselessness {unknown}
 j - 3 scrolls of enchant armour {unknown}
 o - a scroll of teleportation {unknown}
 p - 4 scrolls of remove curse
 u - 2 scrolls of fear {unknown}
 y - 2 scrolls of enchant weapon {unknown}
 z - a scroll of fog {unknown}
 B - 2 scrolls of magic mapping {unknown}
Potions
 f - a potion of flight {unknown}
 k - 4 potions of might
 l - 3 potions of haste
 m - a potion of ambrosia
 q - 2 potions of berserk rage
 t - a potion of resistance
 v - 2 potions of lignification {unknown}
 w - 4 potions of curing
 x - 4 potions of attraction {unknown}
 A - a potion of brilliance {unknown}


   Skills:
 + Level 4.1 Fighting
 + Level 4.1 Dodging
 + Level 3.6 Shields
 + Level 5.4 Unarmed Combat
 + Level 4.8 Spellcasting
 + Level 4.8 Transmutations
 + Level 3.8 Invocations


You had 7 spell levels left.
You knew the following spells:

 Your Spells              Type           Power        Failure   Level
a - Beastly Appendage     Tmut           ###...       7%          1
b - Wereblood             Tmut           ###.....     10%         2
c - Spider Form           Tmut/Pois      ##........   30%         3
d - Ice Form              Ice/Tmut       ###.....     63%         4

Your spell library contained the following spells:

 Spells                   Type           Power        Failure   Level
 Corona                   Hex            #......      28%         1
 Magic Dart               Conj           #...         28%         1
 Blink                    Tloc           N/A          38%         2
 Call Imp                 Summ           #.......     38%         2
 Ensorcelled Hibernation  Hex/Ice        #.....       38%         2
 Slow                     Hex            #.......     38%         2
 Confusing Touch          Hex            #.......     56%         3
 Conjure Flame            Conj/Fire      #.......     56%         3
 Dazzling Flash           Conj/Hex       #.....       56%         3
 Mephitic Cloud           Conj/Pois/Air  #.......     56%         3
 Tukima's Dance           Hex            #.......     56%         3
 Blade Hands              Tmut           ###.......   63%         5


Dungeon Overview and Level Annotations

Branches:
Dungeon (6/15)             Temple (0/1) D:5         Ossuary (visited)

Altars:
Ashenzari
Cheibriados
Gozag
Kikubaaqudgha
Makhleb
Ru
Uskayaw

Shops:
D:5 ?


Innate Abilities, Weirdness & Mutations

((You have razor-sharp teeth.))
Your natural rate of healing is unusually fast.
When hurt, damage is shared between your health and your magic reserves.
((Your bite disrupts and absorbs the magic of your enemies.))
Potions cannot restore your health.
You are immune to rotting.


Message History

The bullfrog zombie hits you.
* * * LOW HITPOINT WARNING * * *
The gnoll closely misses you. You block the gnoll's attack.
Things that are here:
a +0 club; a +0 leather armour
Casting: Beastly Appendage (safe; 1% risk of failure)
Confirm with . or Enter, or press ? or * to list all spells.
Your horns disappear.
Your talons disappear.
Your +0 helmet unmelds from your body.
Your +0 pair of boots unmelds from your body.
You turn into a venomous arachnid creature.
Your +0 helmet melds into your body.
Your +0 pair of boots melds into your body.
Your +0 buckler melds into your body.
Your +0 robe melds into your body.
The bullfrog zombie barely misses you. The gnoll misses you.
The gnoll barely misses you. The gnoll completely misses you.
It was a potion of curing.
That felt strangely inert.
The bullfrog zombie closely misses you. The gnoll misses you. x2
The gnoll hits you from afar with a +0 spear!
You die...

....# #....(.........
.....####..............
.........##............
........+............. .
.......##.......##).(
..#####.....#....#+###.(.
..............#......#..(
......g.....#.#..........
......g.s...#............
..###.gZg##..............
#!............).....#
#...........#........#
#...._......#.......##
#...........#.......#
#......⌠.....#......#
###.................##
##....._.#........#.


You could see 4 gnolls and a bullfrog zombie.

Vanquished Creatures
  Edmund (D:4)
  Menkaure (D:4)
  Duvessa (D:4)
  2 ice beasts (D:5)
  2 ogres (D:5)
  2 phantoms
  A centaur (D:6)
  Blork the orc (D:6)
  A wyvern zombie (D:6)
  2 bullfrogs (D:6)
  Dowan (D:4)
  2 scorpions (D:4)
  4 hounds
  An orc wizard (D:5)
  A quasit (D:5)
  An orc priest (D:5)
  A centaur skeleton (D:5)
  A gnoll shaman (D:6)
  2 iguanas (D:5)
  3 worker ants
  9 mummies
  4 adders
  3 white imps
  An ufetubus (D:6)
  An ooze (D:2)
  3 worms
  A dart slug (D:2)
  6 leopard geckos
  3 orcs
  4 giant cockroaches
  A gnoll zombie (Ossuary)
  3 goblins
  8 hobgoblins
  6 jackals
  2 quokkas
  10 bats
  7 frilled lizards
  2 goblin zombies (D:5)
  2 hobgoblin zombies (Ossuary)
  A jackal skeleton (D:4)
  7 kobolds
  A kobold zombie (Ossuary)
  2 leopard gecko skeletons
  4 orc zombies (Ossuary)
  3 rats
125 creatures vanquished.

Notes
Turn   | Place    | Note
-------+----------+-------------------------------------------
     0 | D:1      | loralnil the Vine Stalker Transmuter began the quest for
                  | the Orb.
     0 | D:1      | Reached XP level 1. HP: 9/9 MP: 4/4
    48 | D:1      | Reached skill level 1 in Fighting
   274 | D:1      | Reached XP level 2. HP: 14/14 MP: 4/6
  1056 | D:2      | Reached XP level 3. HP: 18/18 MP: 3/7
  1070 | D:2      | Learned a level 2 spell: Wereblood
  1074 | D:2      | Learned a level 3 spell: Spider Form
  1349 | D:2      | Found a snail-covered altar of Cheibriados.
  1435 | D:2      | Became a worshipper of Cheibriados the Contemplative
  1585 | D:2      | Found a broken altar of Ashenzari.
  1956 | D:3      | Gained mutation: Your natural rate of healing is unusually
                  | fast. [Vine Stalker growth]
  1956 | D:3      | Reached XP level 4. HP: 22/22 MP: 5/9
  2435 | D:3      | Noticed a phantom
  2448 | D:3      | Killed a phantom
  2448 | D:3      | Reached skill level 1 in Shields
  2448 | D:3      | Reached XP level 5. HP: 22/26 MP: 10/10
  2674 | D:4      | Reached skill level 1 in Invocations
  2674 | D:4      | Reached XP level 6. HP: 30/30 MP: 11/11
  2675 | D:4      | Noticed Duvessa
  2675 | D:4      | Noticed Dowan
  2694 | D:4      | Killed Duvessa
  2704 | D:4      | Killed Dowan
  2704 | D:4      | Reached * piety under Cheibriados
  2704 | D:4      | Reached skill level 4 in Unarmed Combat
  2805 | D:4      | Noticed Menkaure
  2825 | D:4      | Killed Menkaure
  2825 | D:4      | Reached XP level 7. HP: 28/35 MP: 10/13
  2880 | D:4      | Noticed Edmund
  2894 | D:4      | Killed Edmund
  2943 | D:4      | Learned a level 4 spell: Ice Form
  3013 | D:4      | Found an opulent altar of Gozag.
  3624 | D:5      | Entered Level 5 of the Dungeon
  3673 | D:5      | Found a staircase to the Ecumenical Temple.
  3682 | D:5      | Found a sacrificial altar of Ru.
  3708 | D:5      | Gained mutation: You have razor-sharp teeth. [Vine Stalker
                  | growth]
  3708 | D:5      | Reached XP level 8. HP: 21/40 MP: 12/14
  4115 | D:5      | Found a sand-covered staircase.
  4124 | Ossuary  | Entered an ossuary
  4165 | Ossuary  | Reached ** piety under Cheibriados
  4478 | D:5      | Reached skill level 5 in Unarmed Combat
  4726 | D:5      | Found a burning altar of Makhleb.
  4832 | D:5      | Found Kerillearch's Magic Scroll Shoppe.
  4848 | D:5      | Bought a scroll of identify for 26 gold pieces
  4848 | D:5      | Bought a scroll of identify for 26 gold pieces
  4931 | D:5      | Found an ancient bone altar of Kikubaaqudgha.
  4999 | D:6      | Reached XP level 9. HP: 36/45 MP: 13/16
  5161 | D:6      | Found a sacrificial altar of Ru.
  5163 | D:6      | Noticed Blork the orc
  5178 | D:6      | Killed Blork the orc
  5208 | D:6      | Found a hide-covered altar of Uskayaw.
  5360 | D:6      | Slain by a gnoll

Illustrated notes

Levels and vault maps discovered:
D:1:      evilmike_arrival_crescent, layout_basic, minmay_misc_feat_enclosed,
          roderic_roman_lattice
D:2:      layout_rooms, lemuel_coloured_pillars_altar,
          overflow_temple_1_default, nrook_uturn
D:3:      layout_loops_ring
D:4:      layout_cave_pods, lemuel_crystal_altar, uniq_edmund, uniq_menkaure,
          uniq_duvessa
D:5:      layout_gridville, makhleb_blood_cavern_becter, kennysheep_mini_moat,
          minmay_temple_entry_hall, serial_shops, shop,
          nicolae_ossuary_entry_giza, basic_altar
D:6:      layout_basic, grunt_temple_overflow_open, uniq_blork_the_orc

Skill      XL: |  1  2  3  4  5  6  7  8  9 |
---------------+----------------------------+-----
Fighting       | 1 2 3 4 |  4.1
Dodging        | 2 3 4 |  4.1
Shields        | 1 2 3 |  3.6
Spellcasting   | 3 4 |  4.8
Invocations    | 1 2 3 |  3.8
Transmutations | 3 4 |  4.8
Unarmed Combat | 4 5 |  5.4

Action                   |  1- 3 |  4- 6 |  7- 9 || total
-------------------------+-------+-------+-------++-------
Melee: Unarmed           |   102 |    66 |   186 ||   354
       Kick              |    25 |    12 |    62 ||    99
       Headbutt          |    18 |     9 |    33 ||    60
       Bite              |    17 |    18 |    64 ||    99
       Punch             |     2 |       |     3 ||     5
 Cast: Beastly Appendage |    28 |    16 |    37 ||    81
       Spider Form       |       |     2 |     6 ||     8
  Use: Scroll            |     3 |     3 |     3 ||     9
       Potion            |       |       |     1 ||     1
 Stab: Sleeping          |       |     2 |     2 ||     4
Armor: Robe              |    31 |     8 |     6 ||    45
Dodge: Dodged            |    64 |    56 |   139 ||   259
Block: Buckler           |       |       |    25 ||    25

Table legend: (Time is in decaauts)
 A = Elapsed time spent in this place.
 B = Non-inter-level travel time spent in this place.
 C = Inter-level travel time spent in this place.
 D = Time resting spent in this place.
 E = Time spent auto-exploring this place.
 F = Levels seen in this place.
 G = Mean time per level.
                   A        B        C        D        E       F      G
               +--------+--------+--------+--------+--------+-----+--------+
         Total |   6277 |   6021 |    256 |      0 |   4839 |   7 |  896.7 |
       Dungeon |   5897 |   5641 |    256 |      0 |   4623 |   6 |  982.8 |
       Ossuary |    380 |    380 |      0 |      0 |    216 |   1 |  380.0 |
               +--------+--------+--------+--------+--------+-----+--------+

Top non-repeatable levels by time:
     D:5: 1287 daAuts
     D:4: 1238 daAuts
     D:3: 1106 daAuts
     D:1: 1002 daAuts
     D:2: 767 daAuts
     D:6: 495 daAuts
 Ossuary: 380 daAuts
